 Dungeon Crawl Stone Soup version 0.18-a0-1481-g708b138 (webtiles) character file.

701 Goblin1989 the Chopper (level 7, -10/50 HPs)
             Began as a Demonspawn Gladiator on Mar 2, 2016.
             Was a Believer of Okawaru.
             Mangled by Azzok's ghost (13 damage)
             ... on level 4 of the Dungeon.
             The game lasted 00:10:36 (2857 turns).

Goblin1989 the Chopper (Demonspawn Gladiator)       Turns: 2857, Time: 00:10:37

Health: -10/50     AC: 10    Str: 17    XL:     7   Next: 38%
Magic:  9/9        EV:  5    Int: 10    God:    Okawaru [**....]
Gold:   104        SH:  0    Dex: 13    Spells: 0 memorised, 6 levels left

rFire  . . .     SeeInvis .     a - +0 war axe
rCold  . . .     Gourm    .     y - +0 scale mail
rNeg   . . .     Faith    .     (no shield)
rPois  .         Spirit   .     c - +0 helmet
rElec  .         Dismiss  .     (no cloak)
rCorr  .         Reflect  .     e - +0 pair of gloves
SustAt .         Harm     .     (no boots)
MR     .....                    (no amulet)
Stlth  ..........               (no ring)
                                (no ring)

@: not resistant to hostile enchantments, extremely unstealthy
A: claws 1, yellow scales 1, powered by death 1
a: Heroism, Renounce Religion


You were on level 4 of the Dungeon.
You worshipped Okawaru.
Okawaru was pleased with you.
You were not hungry.

You visited 1 branch of the dungeon, and saw 4 of its levels.

You collected 201 gold pieces.
You spent 97 gold pieces at shops.

Inventory:

Hand Weapons
 a - a +0 war axe (weapon)
Missiles
 d - 3 throwing nets (quivered)
Armour
 c - a +0 helmet (worn)
 e - a +0 pair of gloves (worn)
 y - a +0 scale mail (worn)
Rods
 b - a +1 rod of clouds (10/13)
   (You found it on level 4 of the Dungeon)
Jewellery
 j - a cursed ring of protection from cold {unknown}
Wands
 p - a wand of paralysis (12/24)
Scrolls
 i - a scroll of random uselessness {unknown}
 l - 2 scrolls of identify {unknown}
 m - 2 scrolls of remove curse {unknown}
 q - a scroll of enchant weapon {unknown}
 r - a scroll of noise {unknown}
 u - a scroll of silence {unknown}
 v - a scroll of enchant armour {unknown}
 w - a scroll of fog {unknown}
Potions
 h - 2 potions of might
 n - 2 potions of curing {unknown}
 s - a potion of brilliance {unknown}
 t - a potion of cure mutation {unknown}
 x - a potion of invisibility {unknown}
 z - a potion of berserk rage {unknown}
 A - a potion of heal wounds
Comestibles
 f - 3 bread rations
 g - a meat ration
 k - 2 chunks of flesh


   Skills:
 - Level 2.0 Fighting
 * Level 7.0 Axes
 - Level 1.7 Throwing
 - Level 2.6 Dodging
 + Level 3.8 Evocations


You had 6 spell levels left.
You didn't know any spells.

Dungeon Overview and Level Annotations

Branches:
Dungeon (4/15)
 Temple: D:4-7

Altars:
Makhleb
Nemelex Xobeh
Okawaru
Ru
Zin

Shops:
D:4 *

Annotations:
D:4 Azzok's ghost, novice MiFi


Innate Abilities, Weirdness & Mutations

You have sharp fingernails.
You are partially covered in yellow scales (AC +2).
You regenerate a little health from kills.


Message History

Azzok's ghost is lightly damaged.
Azzok's ghost closely misses you.
You hit Azzok's ghost but do no damage.
Azzok's ghost is lightly damaged.
You feel less regenerative. Azzok's ghost hits you!
Azzok's ghost barely misses you.
You barely miss Azzok's ghost.
Azzok's ghost is lightly damaged.
The angel launches into a lengthy sermon about the alliance of Zin and Elyvilon.
Azzok's ghost hits you!
* * * LOW HITPOINT WARNING * * *
You are too injured to fight recklessly!
You are too injured to fight recklessly!
Azzok's ghost hits you!
* * * LOW HITPOINT WARNING * * *
Azzok's ghost says, "They'll have to sweep you off the floor after I'm finished with you!"
You see here an adder corpse.
There is a stone staircase leading up here.
Azzok's ghost hits you!
You die...

#. #######..
#.####.........
#....'.........
#...##.........
#...##........#
#...##........#
#...##........#
#.......!.....#
######@W..#...#..#
#...≈...###...#
#.≈≈..###..#'##
#.....# ##. ...
#...≈.# #_ .._#A
#.≈...# ##. ...###
#####.# #. '###
#... ## .. ###..
..


You could see Azzok's ghost.

Vanquished Creatures
  Grinder (D:4)
  A phantom (D:4)
  An ogre (D:3)
  2 scorpions (D:4)
  2 orc priests (D:4)
  A giant frog skeleton (D:4)
  An orc wizard (D:4)
  A worker ant (D:4)
  2 adders
  2 worms
  A dart slug (D:4)
  2 giant geckos (D:1)
  4 orcs
  7 bats
  5 giant cockroaches
  4 goblins
  4 hobgoblins
  12 jackals
  5 kobolds
  2 ball pythons
  2 giant newts
  5 rats
67 creatures vanquished.

Notes
Turn   | Place    | Note
--------------------------------------------------------------
     0 | D:1      | Goblin1989 the Demonspawn Gladiator began the quest for the Orb.
     0 | D:1      | Reached XP level 1. HP: 16/16 MP: 1/1
    22 | D:1      | Reached skill level 3 in Axes
    73 | D:1      | Gained mutation: You regenerate a little health from kills. [demonic ancestry]
    73 | D:1      | Reached XP level 2. HP: 17/22 MP: 2/2
   625 | D:2      | Found a sparkling altar of Nemelex Xobeh.
   633 | D:2      | Reached XP level 3. HP: 27/27 MP: 3/3
   705 | D:2      | Reached skill level 4 in Axes
   832 | D:2      | Found a sacrificial altar of Ru.
   930 | D:2      | Found an iron altar of Okawaru.
   939 | D:2      | Became a worshipper of Warmaster Okawaru
  1481 | D:4      | Noticed a phantom
  1790 | D:3      | Noticed an ogre
  1838 | D:4      | Reached XP level 4. HP: 33/33 MP: 4/4
  1843 | D:4      | Identified a +1 rod of clouds (13/13) (You found it on level 4 of the Dungeon)
  1921 | D:4      | Killed a phantom
  1921 | D:4      | Reached skill level 5 in Axes
  1921 | D:4      | Reached skill level 1 in Evocations
  1921 | D:4      | Gained mutation: You have sharp fingernails. [demonic ancestry]
  1921 | D:4      | Reached XP level 5. HP: 35/38 MP: 4/6
  1969 | D:4      | Found Sifaudan's Assorted Antiques.
  1973 | D:4      | Bought a scroll labeled MOMPUID OKLA for 25 gold pieces
  1973 | D:4      | Bought a scroll labeled ZIDAQAEJUG for 25 gold pieces
  1973 | D:4      | Bought a scroll labeled ODWUNA GOQEN for 25 gold pieces
  1973 | D:4      | Bought a cyan potion for 22 gold pieces
  2275 | D:4      | Gained mutation: You are partially covered in yellow scales (AC +2). [demonic ancestry]
  2275 | D:4      | Reached XP level 6. HP: 23/44 MP: 7/7
  2383 | D:4      | Reached * piety under Okawaru
  2438 | D:4      | Reached skill level 6 in Axes
  2522 | D:4      | Noticed Grinder
  2540 | D:4      | Killed Grinder
  2540 | D:4      | Reached XP level 7. HP: 40/50 MP: 7/9
  2781 | D:4      | Reached ** piety under Okawaru
  2781 | D:4      | Reached skill level 7 in Axes
  2833 | D:4      | Found a glowing silver altar of Zin.
  2833 | D:4      | Noticed Azzok's ghost (novice MiFi)
  2834 | D:4      | Found a burning altar of Makhleb.
  2835 | D:4      | Noticed an angel
  2851 | D:4      | HP: 2/50 [Azzok's ghost (7)]
  2857 | D:4      | Mangled by Azzok's ghost

Vault maps used:
D:1:      nicolae_arrival_somewhat_less_tricky_arrival
D:2:      nicolae_overflow_crystal_walls, lemuel_crystal_altar,
          minmay_misc_feat_secret_circle, nemelex_deck
D:4:      grunt_temple_overflow_order_and_chaos_2, serial_shops,
          nicolae_shop_overgrown_old_shop, uniq_grinder

Skill      XL: |  1  2  3  4  5  6  7 |
---------------+----------------------+-----
Axes           | 3 4 5 6 7 |  7.0
Evocations     | 1 2 3 |  3.8
Fighting       | |  2.0
Throwing       | |  1.7
Dodging        | |  2.6

Action                   |  1- 3 |  4- 6 |  7- 9 || total
-------------------------+-------+-------+-------++-------
Melee: War axe           |   144 |    75 |    36 ||   255
Evoke: Rod               |       |     4 |     2 ||     6
  Use: Potion            |       |     4 |       ||     4
  Eat: Chunk             |     2 |       |     3 ||     5
       Meat ration       |       |     1 |       ||     1
